Unix NetHack Version 5.0.0-0 post-release - last build May  4 2026 22:22:43 (774f63e81ad911689b3a0859ea89b322d5daca8d,branch:main).

Game began 2026-05-08 05:46:29, ended 2026-05-08 06:23:01.

01246791210, neutral male human Barbarian

  ------             -----
  |.....            #-...-##
  |..........-   ####|...|                           --------------
  |  ##  ##          |.`..#                          |..<.........|
                     -----#                          |............|
                          #                          |.......{....|
                          #                          ---.----------
                         ##             +               ####
                         #             ########            ###
                         #              #     ###            #
              #         ##              # ####@a#######     ########
              #####     #               ##             # -------.--#
                  ##### #------    ------|----   ########.........|#
                      ###.....|   #...........####       |.......>|#######
                        #|.....####|.........|           |........|    --.--
                        #.....|####|.........|           |........-#   |...|
                         |.....#   |.........|           |........|####....|
                         |....|    |.........|           ----------    |...|
                         ------    ------+-+--                         -----

01246791210 the Pillager   St:18/01 Dx:15 Co:17 In:7 Wi:9 Ch:6  Neutral
Dlvl:5  $:88 HP:0(47) Pw:7(7) AC:8  Xp:4 T:2693  Burdened

Latest messages:
 You hear bubbling water.
 You hear the footsteps of a guard on patrol.
 You hear the footsteps of a guard on patrol.
 You are beginning to feel hungry.
 You hear someone counting gold coins.
 What do you want to eat? [ruABC or ?*] r
 This fortune cookie is delicious!
 This cookie has a scrap of paper inside.
 It reads:
 They say that throwing glass gems is the same as throwing rocks.
 This door is locked.
 Your newt corpse rots away.
 You hear the splashing of a naiad.
 You are beginning to feel hungry.
 What do you want to eat? [uBC or ?*] u
 Blecch!  Rotten food!
 You feel rather light headed.
 You finish eating the food ration.
 What do you want to eat? [BC or ?*] B
 This pancake is delicious!
 You finish eating the pancake.
 The giant ant bites!
 The giant ant bites!
 The giant ant bites!
 The giant ant bites!
 You feel less confused now.
 The giant ant bites!
 The giant ant bites!
 The giant ant bites!
 You miss the giant ant.
 The giant ant bites!
 The giant ant bites!
 The giant ant bites!
 You miss the giant ant.
 The giant ant bites!
 The giant ant bites!
 You miss the giant ant.
 The giant ant bites!
 The giant ant bites!
 You miss the giant ant.
 The giant ant bites!
 The giant ant bites!
 You miss the giant ant.
 The giant ant bites!
 You die...
 Do you want your possessions identified? [ynq] (y) n
 Do you want to see your attributes? [ynq] (y) n
 Do you want an account of creatures vanquished? [ynaq] (y) n
 Do you want to see your conduct and achievements? [ynq] (y) n
 Do you want to see the dungeon overview? [ynq] (y) n

Inventory:
 Coins    ('$')
  $ - 88 gold pieces
 Weapons  (')')
  s - 10 cursed -1 arrows
  f - a +0 orcish dagger
  a - a +0 battle-axe (weapon in hands)
  b - a +0 short sword (alternate weapon; not wielded)
 Armor    ('[')
  l - a blessed +0 orcish helm
  e - a cursed -1 orcish helm
  c - an uncursed rusty +0 ring mail (being worn)
 Comestibles  ('%')
  C - an uncursed food ration
 Potions  ('!')
  h - an uncursed potion of gain ability
  t - an uncursed potion of gain energy
  g - an uncursed potion of levitation
  D - an uncursed potion of see invisible
  n - an uncursed potion of sleeping
 Rings    ('=')
  v - an uncursed ring of fire resistance
 Wands    ('/')
  q - a wand of lightning (0:6)
  k - a wand of slow monster (0:7)
 Tools    ('(')
  i - an uncursed unlocked large box containing 1 item
  y - an uncursed tin whistle
  z - an uncursed tin whistle

Contents of the large box:
  an uncursed worthless piece of green glass

01246791210 the Barbarian's attributes:

Background:
 You were a Pillager, a level 4 male human Barbarian.
 You were neutral, nominally on a mission for Crom
 who was opposed by Mitra (lawful) and Set (chaotic).
 You were right-handed.
 You were in the Dungeons of Doom, on level 5.
 You entered the dungeon 2693 turns ago.
 You had 99 experience points, 61 more were needed to attain level 5.

Basics:
 You had 0 out of 47 hit points.
 You had all 7 energy points (spell power).
 Your armor class was 8.
 Your wallet contained 88 zorkmids.
 Autopickup was off.

Final Characteristics:
 Your strength was 18/01 (limit:18/100).
 Your dexterity was 15 (limit:18).
 Your constitution was 17 (peak:18, limit:18).
 Your intelligence was 7 (limit:18).
 Your wisdom was 9 (limit:18).
 Your charisma was 6 (limit:18).

Final Status:
 You weren't hungry.
 You were burdened; movement was slightly slowed.
 You were wielding an axe.
 You had basic skill with axe.

Final Attributes:
 You were piously aligned.
 You were poison resistant.
 You were warded.
 You are dead.

Miscellaneous:
 You didn't encounter any bones levels.
 Total elapsed playing time was 36 minutes and 31 seconds.

Major events:
 Turn
    1: 01246791210 the neutral male human Barbarian entered the dungeon
 1822: attained the rank of Pillager (level 3)
 2693: killed by a giant ant

You didn't know any spells.

Skills:
 Fighting Skills
   bare handed combat [Basic]
   two weapon combat  [Unskilled]
   riding             [Unskilled]
 Weapon Skills
   dagger             [Unskilled]
   axe                [Basic]
   pick-axe           [Unskilled]
   short sword        [Basic]
   broadsword         [Unskilled]
   long sword         [Unskilled]
   two-handed sword   [Unskilled]
   saber              [Unskilled]
   club               [Unskilled]
   mace               [Unskilled]
   morning star       [Unskilled]
   flail              [Unskilled]
   hammer             [Unskilled]
   quarterstaff       [Unskilled]
   spear              [Unskilled]
   trident            [Unskilled]
   bow                [Unskilled]
 Spellcasting Skills
   attack spells      [Unskilled]
   escape spells      [Unskilled]

Voluntary challenges:
 Character rerolling was not enabled.
 You were vegetarian.
 You were an atheist.
 You never genocided any monsters.
 You never polymorphed an object.
 You never changed form.
 You used no wishes.
Achievements:
 You entered a shop.
 You attained the rank of Pillager.

 The Dungeons of Doom: levels 1 to 5
    Level 1:
       A fountain, a sink.
    Level 2:
       A general store, an altar.
    Level 3:
       A weapon shop, a fountain.
    Level 4:
       A potion shop, a sink.
    Level 5: <- You were here.
       A fountain, many trees.
       Final resting place for
          you, killed by a giant ant.


Vanquished creatures:
 an imp
  a shrieker
  a floating eye
  a rabid rat
 an orc zombie
  a wererat
  2 iguanas
 an acid blob
  a coyote
  a hobbit
  a giant rat
  a green mold
  a gnome
  a gecko
  5 jackals
  4 foxes
  3 goblins
  4 sewer rats
  6 grid bugs
  4 lichens
  a kobold zombie
 10 newts
52 creatures vanquished.

No species were genocided or became extinct.

Game over:
                       ----------
                      /          \
                     /    REST    \
                    /      IN      \
                   /     PEACE      \
                  /                  \
                  |   01246791210    |
                  |      88 Au       |
                  |   killed by a    |
                  |    giant ant     |
                  |                  |
                  |                  |
                  |       2026       |
                 *|     *  *  *      | *
        _________)/\\_//(\/(/\)/\//\/|_)_______

Goodbye 01246791210 the Barbarian...

You died in The Dungeons of Doom on dungeon level 5 with 676 points,
and 88 pieces of gold, after 2693 moves.
You were level 4 with a maximum of 47 hit points when you died.

